 Dungeon Crawl Stone Soup version 0.31.0-11-ge490571c62 (webtiles) character file.

Game seed: 6499008191069493261

1465 hikkokomori the Magician (level 8, -1/48 HPs)
             Began as a Deep Elf Hedge Wizard on Feb 3, 2024.
             Was a Plaything of Xom.
             Succumbed to a water moccasin's poison
             ... on level 5 of the Dungeon.
             The game lasted 00:15:36 (4634 turns).

hikkokomori the Magician (Deep Elf Hedge Wizard)    Turns: 4634, Time: 00:15:36

Health: -1/48      AC:  5    Str:  5 (7)  XL:     8   Next: 48%
Magic:  29/30      EV: 13    Int: 19 (22) God:    Xom [.*....]
Gold:   201        SH:  0    Dex: 18 (20) Spells: 3/22 levels left

rFire   . . .        z - +2 spear (flame)
rCold   . . .        (no shield)
rNeg    . . .        b - +0 robe
rPois   .            C - +2 hat
rElec   .            (no cloak)
rCorr   .            v - +0 pair of gloves
SInv    .            (no boots)
Will    +....        n - amulet of magic regeneration
Stlth   ++           p - +6 ring of dexterity
HPRegen 0.28/turn    t - ring of magical power
MPRegen 0.62/turn

%: no passive effects
@: lethally poisoned (-1 -> -12), on blink cooldown, enlightened, flying,
studying Throwing
A: no striking features
a: Renounce Religion


You were on level 5 of the Dungeon.
You worshipped Xom.
You were a plaything of Xom.
You visited 1 branch of the dungeon, and saw 5 of its levels.

You collected 201 gold pieces.

Inventory:

Hand Weapons
 a - a +0 dagger
 f - a +1 whip of venom
 j - a +0 short sword
 q - a +0 rapier
 z - a +2 spear of flaming (weapon)
Missiles
 g - 6 poisoned darts
 y - 4 atropa-tipped darts
Armour
 b - a +0 robe (worn)
 v - a +0 pair of gloves (worn)
 C - a +2 hat (worn)
Jewellery
 n - an amulet of magic regeneration (around neck)
 p - a +6 ring of dexterity (left hand)
 r - a ring of see invisible
 t - a ring of magical power (right hand)
Scrolls
 h - a scroll of identify
 s - a scroll of enchant armour
 u - 2 scrolls of enchant weapon {unknown}
 w - a scroll of immolation {unknown}
 x - a scroll of fear
 B - a scroll of vulnerability {unknown}
 D - a scroll of teleportation
Potions
 d - 2 potions of magic
 e - 2 potions of enlightenment
 k - a potion of ambrosia
 l - a potion of mutation
 m - a potion of haste
 o - a potion of might
 A - a potion of lignification {unknown}


   Skills:
 + Level 3.9 Fighting
 - Level 2.4 Dodging
 - Level 2.4 Stealth
 + Level 7.8 Spellcasting
 - Level 4.0 Conjurations
 - Level 1.1 Summonings
 - Level 1.1 Translocations
 + Level 4.2 Air Magic
 + Level 4.5 Alchemy
 + Level 3.1 Evocations


You had 3 spell levels left.
You knew the following spells:

 Your Spells              Type           Power      Damage    Failure   Level
a - Magic Dart            Conj           88%        1d7       1%          1
b - Call Imp              Summ           22%        N/A       9%          2
c - Mephitic Cloud        Conj/Alch/Air  23%        N/A       4%          3
d - Blink                 Tloc           22%        N/A       9%          2
e - Swiftness             Air            23%        N/A       4%          3
f - Olgreb's Toxic Radia  Alch           24%        N/A       14%         4
g - Fulminant Prism       Conj/Alch      11%        3d9       16%         4

Your spell library contained the following spells:

 Spells                   Type           Power      Damage    Failure   Level
 Shock                    Conj/Air       92%        1d8       1%          1
 Sting                    Conj/Alch      92%        1d8       1%          1
 Mercury Vapours          Alch/Air       48%        N/A       2%          2
 Searing Ray              Conj           44%        2d6       2%          2
 Cigotuvi's Dreadful Rot  Necr/Alch/Air  36%        N/A       4%          2
 Slow                     Hex            28%        N/A       10%         1
 Airstrike                Air            11%        2d(2-18)  16%         4


Dungeon Overview and Level Annotations

Branches:
Dungeon (5/15)
 Temple: D:4-7

Altars:
Xom

Shops:
D:4 (   D:5 *


Message History

You feel better.
The water moccasin bites you but does no damage.
The water moccasin bites you.
You barely miss the water moccasin.
The water moccasin is severely wounded.
The water moccasin bites you but does no damage.
You hit the water moccasin. You burn the water moccasin.
The water moccasin is almost dead.
The water moccasin bites you.
You are poisoned.
The water moccasin poisons you!
The water moccasin bites you but does no damage.
You hit the water moccasin. You burn the water moccasin.
The water moccasin is almost dead.
You feel very sick. The water moccasin bites you.
* * * LOW HITPOINT WARNING * * *
You are lethally poisoned!
The water moccasin poisons you! The water moccasin closely misses you.
You miss the water moccasin.
The water moccasin is almost dead.
* * * LOW HITPOINT WARNING * * *
You feel very sick.
The water moccasin bites you but does no damage.
Unknown command.
Casting: Olgreb's Toxic Radiance (quite dangerous; 12% risk of failure)
Confirm with . or Enter, or press ? or * to list all spells.
You blink.
* * * LOW HITPOINT WARNING * * *
You feel very sick.
It was a potion of enlightenment.
You feel very buoyant.
You fly up into the air.
* * * LOW HITPOINT WARNING * * *
You feel very sick.
It was a potion of degeneration.
There was something very wrong with that liquid.
You feel weakened.
You feel dopey.
You feel clumsy.
You die...
Xom howls with laughter!

#######.##.# #........
.. ..##.###......# .#
####........[.# .#
#....#.##.....# .#
#.####.# ....^.. .# #
#S# ###.#######.#
#.####.# .........#
#.#......###############
#.# ##@.......##### #.#
#............# #.#
#.......)###.#### #.#
########...#....# #.#
#.#.#....## #.###
#.#.#..>... #...#######
#.#)#....## ###.##....#
#.#.....##
##.##.######.#####.#


You could see a water moccasin.

Vanquished Creatures
  Grinder (D:3)
  4 water moccasins (D:5)
  A black bear (D:5)
  An ogre (D:4)
  A centaur (D:5)
  3 howler monkeys (D:4)
  2 bombardier beetles
  A hound (D:5)
  A gnoll bouda (D:5)
  Terence (D:3)
  2 iguanas
  An orc wizard (D:5)
  Robin (D:3)
  5 gnolls (D:5)
  5 adders
  A river rat (D:3)
  A ribbon worm (D:3)
  4 dart slugs
  10 orcs
  An endoplasm (D:4)
  5 giant cockroaches
  14 goblins
  9 hobgoblins
  7 jackals
  4 quokkas
  7 ball pythons
  5 bats
  4 frilled lizards
  4 kobolds
  4 rats
110 creatures vanquished.

Vanquished Creatures (collateral kills)
  An orc priest (D:4)
  A river rat (D:3)
  A ribbon worm (D:3)
  An orc (D:4)
  A ball python (D:3)
  An endoplasm (D:3)
  2 goblins (D:3)
  A kobold (D:3)
  4 rats (D:3)
13 creatures vanquished.

Grand Total: 123 creatures vanquished

Notes
Turn   | Place    | Note
-------+----------+-------------------------------------------
     0 | D:1      | hikkokomori the Deep Elf Hedge Wizard began the quest for
                  | the Orb.
     0 | D:1      | Reached XP level 1. HP: 10/10 MP: 7/7
   419 | D:1      | You fall into a shaft and drop 1 floor!
   446 | D:2      | Reached XP level 2. HP: 16/16 MP: 7/9
  1258 | D:2      | Reached skill level 1 in Fighting
  1355 | D:2      | Found a faded altar of an unknown god.
  1400 | D:2      | Reached skill level 5 in Spellcasting
  1400 | D:2      | Reached XP level 3. HP: 20/20 MP: 1/11
  2105 | D:2      | Prayed at the altar of an unknown god.
  2105 | D:2      | Became a worshipper of Xom of Chaos
  2161 | D:2      | XOM: silly message
  2194 | D:3      | XOM: silly message
  2258 | D:3      | Reached XP level 4. HP: 25/25 MP: 2/13
  2262 | D:3      | XOM: divination: detect creatures
  2404 | D:3      | Noticed Grinder
  2405 | D:3      | XOM: divination: magic mapping
  2424 | D:3      | Noticed Terence
  2459 | D:3      | XOM: potion effect (invisibility)
  2537 | D:3      | Learned a level 2 spell: Call Imp
  2541 | D:3      | Learned a level 3 spell: Mephitic Cloud
  2544 | D:3      | Learned a level 2 spell: Blink
  2548 | D:3      | Learned a level 3 spell: Swiftness
  2642 | D:3      | Noticed Robin
  2666 | D:3      | Killed Robin
  2673 | D:3      | Killed Terence
  2674 | D:3      | Reached skill level 1 in Alchemy
  2674 | D:3      | Reached XP level 5. HP: 30/30 MP: 8/15
  2698 | D:3      | Reached skill level 1 in Air Magic
  2766 | D:3      | XOM: potion effect (berserk rage)
  2777 | D:3      | Killed Grinder
  2778 | D:3      | Reached skill level 6 in Spellcasting
  2778 | D:3      | Reached XP level 6. HP: 36/36 MP: 17/17
  2961 | D:3      | Found a glowing drain.
  2965 | D:3      | XOM: cast spell 'Summon Ice Beast'
  3197 | D:4      | XOM: butterfly on damage
  3494 | D:4      | Found a shimmering altar of Xom.
  3499 | D:4      | Reached XP level 7. HP: 40/40 MP: 18/18
  3548 | D:4      | Learned a level 4 spell: Olgreb's Toxic Radiance
  3562 | D:4      | Found Teoziy's Weapon Shoppe.
  4113 | D:5      | Entered Level 5 of the Dungeon
  4169 | D:5      | Reached skill level 1 in Evocations
  4258 | D:5      | Reached skill level 7 in Spellcasting
  4290 | D:5      | Found Buykhuyq's Serpentskin Sales.
  4305 | D:5      | Reached XP level 8. HP: 29/46 MP: 20/20
  4311 | D:5      | XOM: noise
  4327 | D:5      | XOM: noise
  4489 | D:5      | Learned a level 4 spell: Fulminant Prism
  4528 | D:5      | XOM: 7-stop teleportation journey
  4619 | D:5      | XOM: noise
  4633 | D:5      | HP: 1/48 [poisoned by a water moccasin]
  4634 | D:5      | Succumbed to a water moccasin's poison

Illustrated notes

Levels and vault maps discovered:
D:1:      minmay_arrival_split_and_join, layout_loops_ring,
          grunt_decor_junction, grunt_decor_fettered, minmay_misc_feat_tiny,
          nicolae_concentric_dashed_squares_wild
D:2:      layout_loops_ring, ebering_ecumenical_altar_webs
D:3:      layout_rooms, portal_sewer_entry_e, uniq_grinder, uniq_terence,
          uniq_robin
D:4:      layout_loops_ring, mainiacjoe_overflow_six_doors_small, serial_shops,
          nicolae_shop_real_fake_doors, minmay_manual_moon
D:5:      layout_basic, chequers_avenue, guppyfry_shop_venom, uniq_ijyb

Skill      XL: |  1  2  3  4  5  6  7  8 |
---------------+-------------------------+-----
Fighting       | 1 2 3 |  3.9
Conjurations   | 2 3 4 |  4.0
Spellcasting   | 5 6 7 |  7.8
Alchemy        | 1 2 3 4 |  4.5
Air Magic      | 1 2 3 4 |  4.2
Evocations     | 2 3 |  3.1
Dodging        | |  2.4
Stealth        | |  2.4
Summonings     | |  1.1
Translocations | |  1.1

Action                     |  1- 3 |  4- 6 |  7- 9 || total
---------------------------+-------+-------+-------++-------
  Melee: Dagger            |    13 |       |       ||    13
         Short sword       |     8 |       |       ||     8
         Rapier            |       |    42 |       ||    42
         Spear             |       |       |    85 ||    85
         Punch             |       |       |     3 ||     3
   Cast: Magic Dart        |    87 |    64 |    31 ||   182
         Mephitic Cloud    |       |     6 |     3 ||     9
         Call Imp          |       |     4 |     1 ||     5
         Swiftness         |       |     1 |       ||     1
         Olgreb's Toxic Ra |       |       |     4 ||     4
         Blink             |       |       |     2 ||     2
  Evoke: Wand              |       |       |    11 ||    11
    Use: Scroll            |     6 |     7 |       ||    13
         Potion            |       |       |     5 ||     5
   Stab: Sleeping          |       |     1 |       ||     1
         Confused          |       |     2 |     1 ||     3
         Paralysed         |       |       |    19 ||    19
         Distracted        |       |       |     1 ||     1
 Armour: Robe              |    20 |    35 |    56 ||   111
  Dodge: Dodged            |    21 |    39 |    54 ||   114
